 Dungeon Crawl Stone Soup version 0.31-a0-986-g5e6e4ef867 (webtiles) character file.

Game seed: 8940346277137541486

33 skwerlee the Trooper (level 3, -2/24 HPs)
             Began as a Gargoyle Berserker on Nov 12, 2023.
             Was a Believer of Trog.
             Slain by an iguana (8 damage)
             ... on level 2 of the Dungeon.
             The game lasted 00:01:22 (955 turns).

skwerlee the Trooper (Gargoyle Berserker)            Turns: 955, Time: 00:01:22

Health: -2/24      AC:  6    Str: 22    XL:     3   Next: 29%
Magic:  3/3        EV: 16    Int:  7    God:    Trog [**....]
Gold:   33         SH:  0    Dex:  9    Spells: 2/2 levels left

rFire   . . .        a - +0 hand axe
rCold   . . .        (no shield)
rNeg    + + .        b - +0 animal skin
rPois   ∞            (no helmet)
rElec   +            (no cloak)
rCorr   .            m - +0 pair of gloves
SInv    .            (no boots)
Will    .....        (no amulet)
Stlth   +            c - +5 ring of evasion
HPRegen 0.24/turn    l - ring of positive energy
MPRegen 0.08/turn

%: no passive effects
@: no status effects
A: sickness immunity, AC +3, negative energy resistance 1, electricity
resistance, torment resistance 1, petrification resistance
a: Renounce Religion, Berserk, Trog's Hand


You were on level 2 of the Dungeon.
You worshipped Trog.
Trog was pleased with you.
You visited 1 branch of the dungeon, and saw 2 of its levels.

You collected 33 gold pieces.

Inventory:

Hand Weapons
 a - a +0 hand axe (weapon)
Armour
 b - a +0 animal skin (worn)
 m - a +0 pair of gloves (worn)
Jewellery
 c - a +5 ring of evasion (left hand)
 l - a ring of positive energy (right hand)
Scrolls
 d - a scroll of identify {unknown}
 h - a scroll of enchant weapon {unknown}
 i - a scroll of fear {unknown}
 j - a scroll of vulnerability {unknown}
 k - a scroll of teleportation {unknown}
 n - a scroll of silence {unknown}
Potions
 e - a potion of brilliance {unknown}
 f - a potion of enlightenment {unknown}
 g - a potion of invisibility {unknown}


   Skills:
 + Level 4.0 Fighting
 + Level 3.3 Axes
 - Level 2.1 Armour
 - Level 1.5 Dodging
 + Level 0.1 Stealth


You had 2 spell levels left.
You didn't know any spells.
Your spell library was empty.

Dungeon Overview and Level Annotations

Branches:
Dungeon (2/15)

Altars:


Innate Abilities, Weirdness & Mutations

You are immune to sickness and miasma.
Your stone body is resilient. (AC +3)
You are immune to poison.
You resist negative energy. (rN+)
You are resistant to electric shocks. (rElec)
You are resistant to unholy torment.
You are immune to petrification.


Message History

You slash the quokka!
You kill the quokka!
Trog accepts your kill.
You can now call upon Trog for regeneration and willpower.
Found a blade talisman.
No target in view!
Found 5 stones.
No target in view!
An iguana comes into view.
An iguana is nearby!
The iguana bites you!
An iguana is nearby!
You slash the iguana!
The iguana is heavily wounded.
The iguana closely misses you.
An iguana is nearby!
You closely miss the iguana.
The iguana is heavily wounded.
The iguana closely misses you. The iguana bites you!
* * * LOW HITPOINT WARNING * * *
An iguana is nearby!
You are too injured to fight recklessly!
An iguana is nearby!
You are too injured to fight recklessly!
An iguana is nearby!
You fail to use your ability.
The iguana bites you but does no damage.
You barely miss the iguana.
The iguana is heavily wounded.
The iguana misses you.
You hit the iguana but do no damage.
The iguana is heavily wounded.
The iguana bites you but does no damage.
You barely miss the iguana.
The iguana is heavily wounded.
The iguana barely misses you.
You hit the iguana but do no damage.
The iguana is heavily wounded.
The iguana bites you!
You die...

#............#
......(.####.# #.#####.#
#.# ## ##.#####.# #.# #.
.........####.### #.
##..............# #.
..#..####.####...# #.
.....###...###...######.
......l@................
.###.......##.......#..<
..........###.#:.##.#...
####.....## #%#..##.#...
#.....# #.#...#.#...
###.### #.#.#.#.#... #.
#. .#.##.. #. .. .......
...


You could see an iguana.

Vanquished Creatures
  2 dart slugs (D:1)
  4 bats (D:1)
  2 endoplasms (D:1)
  A giant cockroach (D:1)
  A goblin (D:1)
  4 hobgoblins
  2 quokkas (D:2)
  5 ball pythons (D:1)
  4 frilled lizards (D:1)
  A rat (D:1)
26 creatures vanquished.

Notes
Turn   | Place    | Note
-------+----------+-------------------------------------------
     0 | D:1      | skwerlee the Gargoyle Berserker began the quest for the
                  | Orb.
     0 | D:1      | Reached XP level 1. HP: 14/14 MP: 1/1
    92 | D:1      | Reached XP level 2. HP: 19/19 MP: 2/2
   699 | D:1      | Reached XP level 3. HP: 24/24 MP: 3/3
   703 | D:1      | Reached skill level 4 in Fighting
   925 | D:2      | Reached ** piety under Trog
   955 | D:2      | Slain by an iguana

Illustrated notes

Levels and vault maps discovered:
D:1:      dpeg_arrival_fog, layout_basic, serial_bayou_crossing
D:2:      layout_loops_ring, chequers_ecumenical_altar_grove

Skill      XL: |  1  2  3 |
---------------+----------+-----
Axes           | 3 |  3.3
Fighting       | 4 |  4.0
Armour         | |  2.1
Dodging        | |  1.5
Stealth        | |  0.1

Action                     || total
---------------------------++-------
  Melee: Hand axe          ||    74
   Stab: Sleeping          ||     1
 Armour: Animal skin       ||    25
  Dodge: Dodged            ||    62

Table legend: (Time is in decaauts)
 A = Elapsed time spent in this place.
 B = Non-inter-level travel time spent in this place.
 C = Inter-level travel time spent in this place.
 D = Time resting spent in this place.
 E = Time spent auto-exploring this place.
 F = Levels seen in this place.
 G = Mean time per level.
                   A        B        C        D        E       F      G
               +--------+--------+--------+--------+--------+-----+--------+
         Total |    968 |    922 |     46 |      0 |    741 |   2 |  484.0 |
       Dungeon |    968 |    922 |     46 |      0 |    741 |   2 |  484.0 |
               +--------+--------+--------+--------+--------+-----+--------+

Top non-repeatable levels by time:
     D:1: 925 daAuts
     D:2: 43 daAuts
